 Dungeon Crawl Stone Soup version 0.23.2-40-g277498a001 (webtiles) character file.

Game seed: 13611180116132671826

380 DanielSan83 the Ruffian (level 6, -9/61 HPs)
             Began as a Troll Berserker on Sept 27, 2019.
             Was a Priest of Trog.
             Killed by divine providence
             ... invoked by an orc priest
              (12 damage)
             ... on level 5 of the Dungeon.
             The game lasted 00:40:11 (1873 turns).

DanielSan83 the Ruffian (Troll Berserker)           Turns: 1873, Time: 00:40:14

Health: -9/61      AC:  6    Str: 27    XL:     6   Next: 46%
Magic:  5/5        EV:  8    Int:  8    God:    Trog [***...]
Gold:   137        SH:  7    Dex: 10    Spells: 5/5 levels left

rFire    + + .     SeeInvis .   E - +0 mace
rCold    . . .     Gourm    +   n - +0 shield
rNeg     . . .     Faith    .   a - +0 animal skin
rPois    +         Spirit   .   (helmet restricted)
rElec    +         Reflect  .   (no cloak)
rCorr    +         Harm     .   (gloves unavailable)
MR       .....                  (boots unavailable)
Stlth    +.........             (no amulet)
HPRegen  0.60/turn              s - ring of resist corrosion
MPRegen  0.09/turn              t - ring of fire

@: brilliant, resistant
A: large, unfitting armour, claws 3, fast metabolism 3, gourmand, regeneration
1, shaggy fur 1, tough skin 3
a: Berserk, Trog's Hand, Renounce Religion


You were on level 5 of the Dungeon.
You worshipped Trog.
Trog was most pleased with you.
You were not hungry.

You visited 1 branch of the dungeon, and saw 5 of its levels.

You collected 137 gold pieces.

Inventory:

Hand Weapons
 j - a +0 dagger
 p - a +0 halberd
 w - a +0 spear
 x - a +1 morningstar of draining
 E - a +0 mace (weapon)
Missiles
 g - 53 poisoned needles
 k - 16 stones (quivered)
 q - a throwing net
 D - 5 javelins
 F - 15 bolts
Armour
 a - a +0 animal skin (worn)
 l - a +0 pair of gloves
 n - a +0 shield (worn)
 A - a +3 leather armour of fire resistance
 B - a +0 robe
 C - a cursed +0 scale mail
Jewellery
 s - a ring of resist corrosion (left claw)
 t - a ring of fire (right claw)
Wands
 z - a wand of random effects (25)
Scrolls
 d - a scroll of remove curse
 f - a scroll of fog {unknown}
 i - 3 scrolls of teleportation {unknown}
 m - a scroll of fear {unknown}
 u - a scroll of enchant weapon {unknown}
 v - a scroll of blinking {unknown}
 y - 3 scrolls of identify {unknown}
Potions
 c - 2 potions of curing {unknown}
 h - a potion of ambrosia {unknown}
 o - a potion of cancellation {unknown}
Comestibles
 b - 5 rations


   Skills:
 + Level 3.3 Fighting
 + Level 0.6 Maces & Flails
 + Level 3.7 Dodging
 + Level 0.3 Shields
 + Level 5.6 Unarmed Combat


You had 5 spell levels left.
You didn't know any spells.
Your spell library was empty.

Dungeon Overview and Level Annotations

Branches:
Dungeon (5/15)
 Temple: D:4-7

Altars:

Shops:
D:4 *[


Innate Abilities, Weirdness & Mutations

You are too large for most types of armour.
You have claws for hands.
Your metabolism is lightning-fast.
You like to eat raw meat.
Your natural rate of healing is unusually fast.
You are covered in fur. (AC +1)
You have extremely tough skin. (AC +3)


Message History

The orc closely misses you.
It was a potion of resistance.
You feel protected. The centaur zombie closely misses you.
The orc closely misses you. You block the centaur zombie's attack.
You sock the centaur zombie!
The centaur zombie is lightly damaged.
The centaur zombie hits you.
* * * LOW HITPOINT WARNING * * *
The centaur zombie hits you but does no damage.
You hit the centaur zombie.
The centaur zombie is moderately damaged.
The centaur zombie barely misses you. x2; Something completely misses you.
You hit the centaur zombie.
The centaur zombie is heavily damaged.
The centaur zombie hits you.
* * * LOW HITPOINT WARNING * * *
The orc priest calls down the wrath of Beogh upon you.
Beogh smites you!
You die...

#### #####..##### #
....##.....# #.
#...#....## #..####
#......##.# #......
#.....####.
.......#######.....#
## #..@Zo.$......##
#...ooo.......#
#.######.......# #.
#.........# #
............#
.............
..............
..###........# . .#


You could see an orc priest, an orc wizard, 2 orcs and a centaur zombie.

Vanquished Creatures
  Sigmund (D:2)
  A bullfrog zombie (D:5)
  Ijyb (D:4)
  A hound zombie (D:4)
  Robin (D:2)
  4 gnolls (D:3)
  2 oozes (D:2)
  2 worms (D:2)
  5 dart slugs
  6 leopard geckos
  2 orcs
  6 bats
  2 giant cockroaches
  7 hobgoblins
  6 jackals
  2 quokkas (D:2)
  3 frilled lizards
  13 goblins
  4 kobolds
  7 rats
  A plant (D:3)
77 creatures vanquished.

Notes
Turn   | Place    | Note
-------+----------+-------------------------------------------
     0 | D:1      | DanielSan83 the Troll Berserker began the quest for the
                  | Orb.
     0 | D:1      | Reached XP level 1. HP: 22/22 MP: 0/0
   374 | D:1      | Reached XP level 2. HP: 29/29 MP: 1/1
   413 | D:1      | k
   453 | D:2      | Noticed Robin
   519 | D:2      | Reached XP level 3. HP: 27/36 MP: 2/2
   527 | D:2      | Killed Robin
   550 | D:2      | Reached ** piety under Trog
   612 | D:2      | Noticed Sigmund
   625 | D:2      | Killed Sigmund
   625 | D:2      | Reached skill level 5 in Unarmed Combat
   625 | D:2      | Reached XP level 4. HP: 40/45 MP: 3/3
   625 | D:2      | Reached XP level 5. HP: 48/53 MP: 4/4
   788 | D:3      | Reached XP level 6. HP: 51/61 MP: 5/5
  1029 | D:3      | Reached *** piety under Trog
  1405 | D:4      | Noticed Ijyb
  1421 | D:4      | Killed Ijyb
  1575 | D:4      | Found Yluoga's Antique Armour Boutique.
  1657 | D:4      | Found Sevarac's Assorted Antiques.
  1677 | D:5      | Entered Level 5 of the Dungeon
  1873 | D:5      | HP: 3/61 [centaur zombie (6)]
  1873 | D:5      | Killed from afar by an orc priest

Skill      XL: |  1  2  3 |
---------------+----------+-----
Fighting       | 3 |  3.3
Dodging        | 3 |  3.7
Unarmed Combat | 5 |  5.6
Maces & Flails | |  0.6
Shields        | |  0.3

Action                   |  1- 3 |  4- 6 || total
-------------------------+-------+-------++-------
Melee: Unarmed           |    87 |    74 ||   161
       Punch             |     1 |       ||     1
       Morningstar       |       |    60 ||    60
       Mace              |       |     7 ||     7
       Dagger            |       |     3 ||     3
  Use: Potion            |       |     2 ||     2
       Scroll            |       |     1 ||     1
  Eat: Ration            |     1 |     4 ||     5
Armor: Animal skin       |    40 |    85 ||   125
Dodge: Dodged            |    72 |    93 ||   165
Block: Shield            |       |    48 ||    48
